 Seeded DCSS version 0.31-a0-1576-ga3383bade6 (webtiles) character file.

Game seed: 2646795061329032824 (custom seed)

73 innerfire43 the Slasher (level 4, -5/34 HPs)
             Began as a Demonspawn Wanderer on Jan 4, 2024.
             Slain by an orc
             ... wielding a +2 short sword of venom
              (6 damage)
             ... on level 3 of the Dungeon.
             The game lasted 00:01:50 (1250 turns).

innerfire43 the Slasher (Demonspawn Wanderer)       Turns: 1250, Time: 00:01:51

Health: -5/34      AC:  6    Str: 13    XL:     4   Next: 8%
Magic:  3/6        EV:  8    Int: 16    God:
Gold:   98         SH:  0    Dex: 12    Spells: 4/5 levels left

rFire   . . .        a - +0 long sword
rCold   . . .        (no shield)
rNeg    . . .        b - +0 scale mail
rPois   .            (no helmet)
rElec   .            (no cloak)
rCorr   .            (no gloves)
SInv    .            (no boots)
Will    .....        g - amulet of the acrobat Stlth
                     (no ring)
HPRegen 0.25/turn    (no ring)
MPRegen 0.10/turn

%: acrobat
@: lethally poisoned (-5 -> -26), very slightly contaminated
A: big brain 1, demonic touch 1
a: no special abilities


You were on level 3 of the Dungeon.
You visited 1 branch of the dungeon, and saw 3 of its levels.

You collected 98 gold pieces.

Inventory:

Hand Weapons
 a - a +0 long sword (weapon)
Armour
 b - a +0 scale mail (worn)
Jewellery
 g - an amulet of the acrobat (around neck)
Scrolls
 f - a scroll of fog {unknown}
 k - a scroll of immolation {unknown}
Potions
 c - a potion of heal wounds
 d - a potion of ambrosia {unknown}
 e - a potion of lignification {unknown}
 h - a potion of magic {unknown}
 i - 2 potions of might {unknown}
 j - a potion of curing {unknown}


   Skills:
 + Level 2.4 Fighting
 + Level 3.8 Long Blades
 + Level 1.3 Armour
 - Level 1.0 Stealth
 + Level 1.4 Spellcasting
 * Level 1.8 Conjurations
 * Level 1.8 Fire Magic


You had 4 spell levels left.
You knew the following spells:

 Your Spells              Type           Power      Damage    Failure   Level
a - Foxfire               Conj/Fire      24%        2x1d5     43%         1

Your spell library contained the following spells:

 Spells                   Type           Power      Damage    Failure   Level
 Magic Dart               Conj           24%        1d4       45%         1
 Shock                    Conj/Air       16%        1d4       56%         1
 Blink                    Tloc           2%         N/A       83%         2
 Call Imp                 Summ           2%         N/A       83%         2
 Inner Flame              Hex/Fire       4%         N/A       91%         3
 Swiftness                Air            1%         N/A       97%         3
 Airstrike                Air            0%         2d(1-17)  100%        4


Dungeon Overview and Level Annotations

Branches:
Dungeon (3/15)

Altars:


Innate Abilities, Weirdness & Mutations

You have an unusually large brain. (Int +2)
Your touch may inflict minor irresistible damage on your foes.


Message History

A rat is nearby!
You closely miss the rat. The rat barely misses you.
A rat is nearby!
You slash the rat!
You kill the rat!
An orc is nearby!
You hit the orc.
The orc is lightly wounded.
An orc comes into view. It is wielding a +0 club.
The orc barely misses you.
The orc hits you with a +2 short sword of venom.
You are poisoned.
The orc hits you with a +0 hand axe.
An orc comes into view. It is wielding a +0 flail.
Casting: Foxfire (safe; 43% risk of failure)
Press: ? - help, Q - select action Dir - look around, f - activate You miscast Foxfire.
You are very lightly contaminated with residual magic.
Nothing appears to happen.
The orc shouts!
You feel sick.
The orc hits you with a +2 short sword of venom.
You are more poisoned.
The orc hits you with a +0 hand axe.
Casting: Foxfire (safe; 43% risk of failure)
Press: ? - help, Q - select action Dir - look around, f - activate You miscast Foxfire.
Nothing appears to happen.
You feel very sick. The orc hits you but does no damage.
The orc hits you with a +2 short sword of venom.
You are more poisoned.
Casting: Foxfire (safe; 43% risk of failure)
Press: ? - help, Q - select action Dir - look around, f - activate You conjure some foxfire!
* * * LOW HITPOINT WARNING * * *
You feel extremely sick. The orc hits you with a +0 hand axe.
* * * LOW HITPOINT WARNING * * *
The orc hits you with a +2 short sword of venom.
You die...

#)# #.
#.# #.
#.# #.#
#.# #.#
##.#
#.g####.#
#.o@v...#
#oo######
#.o# #...
#.#. #. o
#. o# #.


You could see 4 orcs and a goblin.

Vanquished Creatures
  2 adders
  A ribbon worm (D:2)
  6 ball pythons
  2 bats (D:2)
  4 endoplasms (D:1)
  2 giant cockroaches (D:1)
  5 goblins
  3 hobgoblins (D:1)
  7 jackals (D:1)
  3 kobolds
  3 quokkas
  2 frilled lizards (D:1)
  6 rats
46 creatures vanquished.

Vanquished Creatures (others)
  An endoplasm (D:3)
  A quokka (D:3)
  A rat (D:3)
3 creatures vanquished.

Grand Total: 49 creatures vanquished

Notes
Turn   | Place    | Note
-------+----------+-------------------------------------------
     0 | D:1      | innerfire43 the Demonspawn Wanderer began the quest for the
                  | Orb.
     0 | D:1      | innerfire43 set off with the following items: a +0 long
                  | sword, a +0 scale mail, a potion of heal wounds; and the
                  | following spell memorised: Foxfire; and the following
                  | spells available to memorise: Inner Flame.
     0 | D:1      | Reached XP level 1. HP: 16/16 MP: 2/2
    90 | D:1      | Gained mutation: Your touch may inflict minor irresistible
                  | damage on your foes. [demonic ancestry]
    90 | D:1      | Reached XP level 2. HP: 4/22 MP: 3/3
   231 | D:1      | Reached skill level 1 in Conjurations
   382 | D:1      | Reached XP level 3. HP: 25/27 MP: 4/4
  1189 | D:3      | Gained mutation: You have an unusually large brain. (Int
                  | +2) [demonic ancestry]
  1189 | D:3      | Reached XP level 4. HP: 33/34 MP: 6/6
  1250 | D:3      | HP: 1/34 [orc/+0 hand axe (3)]
  1250 | D:3      | Slain by an orc

Illustrated notes

Levels and vault maps discovered:
D:1:      co_arrival_square_in_a_square_in_a_square, layout_rooms
D:2:      layout_basic, hangedman_decor_lopped, serial_park_tiny_pond,
          minmay_splitting_lines
D:3:      layout_loops_ring, xom_confusion_cloud, uniq_grinder

Skill      XL: |  1  2 |
---------------+-------+-----
Conjurations   | 1 |  1.8
Fighting       | |  2.4
Long Blades    | |  3.8
Armour         | |  1.3
Stealth        | |  1.0
Spellcasting   | |  1.4
Fire Magic     | |  1.8

Action                     |  1- 3 |  4- 6 || total
---------------------------+-------+-------++-------
  Melee: Long sword        |   103 |    10 ||   113
         Touch             |    15 |       ||    15
   Cast: Foxfire           |       |     1 ||     1
 Armour: Scale mail        |    76 |    12 ||    88
  Dodge: Dodged            |    69 |     6 ||    75

Table legend: (Time is in decaauts)
 A = Elapsed time spent in this place.
 B = Non-inter-level travel time spent in this place.
 C = Inter-level travel time spent in this place.
 D = Time resting spent in this place.
 E = Time spent auto-exploring this place.
 F = Levels seen in this place.
 G = Mean time per level.
                   A        B        C        D        E       F      G
               +--------+--------+--------+--------+--------+-----+--------+
         Total |   1274 |   1274 |      0 |      0 |    948 |   3 |  424.7 |
       Dungeon |   1274 |   1274 |      0 |      0 |    948 |   3 |  424.7 |
               +--------+--------+--------+--------+--------+-----+--------+

Top non-repeatable levels by time:
     D:1: 606 daAuts
     D:2: 595 daAuts
     D:3: 72 daAuts
